[Event "Red Bull Chess Masters 2018"]
[Site "Istanbul"]
[Date "2018.10.20"]
[Round "3.2"]
[White "Karaokcu, Erkin"]
[Black "Aydincelebi, Kagan"]
[Result "0-1"]
[ECO "A62"]
[WhiteElo "2256"]
[BlackElo "2193"]
[Annotator "NA"]
[PlyCount "80"]
[EventDate "2018.10.19"]
[EventType "team-tourn"]
[EventCountry "TUR"]
[SourceTitle "playchess.com"]
[Source "ChessBase"]
[SourceQuality "1"]
[TimeControl "600+5"]

1. d4 Nf6 2. c4 c5 3. d5 e6 4. Nc3 exd5 5. cxd5 d6 6. Nf3 g6 7. g3 Bg7 8. Bg2 O-O 9. O-O Na6 10. Bf4 Nc7 11. a4 Re8 {[%emt 0:00:00] A62: Benoni (mit 7.g3)} 12. Re1 Ne4 13. Qb3 (13. Nxe4 Rxe4 14. Bg5 Qf8 15. Nd2 Rb4 16. b3 h6 17. Bf4 g5 18. Be3 Bxa1 19. Qxa1 {1-0 (85) Ni,H (2646)-Yu,Y (2675) Danzhou 2013}) 13... b6 14. Rad1 $146 ({Vorgänger:} 14. h3 Ba6 15. Ra2 c4 16. Qa3 Nxc3 17. bxc3 Nxd5 18. Bg5 Qd7 19. Nd4 {½-½ (46) Lavrov,S (2010)-Arishin,S (2183) Tomsk 2012}) 14... Ba6 15. Nb5 Bxb5 16. axb5 Qd7 17. Nd2 Nxd2 18. Rxd2 Nxb5 19. Bh3 f5 20. e4 Nd4 21. Qd1 Qc7 22. Rxd4 Bxd4 23. exf5 Rxe1+ 24. Qxe1 Qd7 25. Kg2 gxf5 26. Qe2 Rf8 27. Qf3 Kh8 28. b3 b5 $19 29. Bd2 b4 30. g4 f4 31. Qe4 f3+ 32. Kg1 Qg7 33. Bf1 a5 34. Bd3 Qg6 35. Qxg6 hxg6 36. Bxg6 Bc3 37. Be3 c4 38. bxc4 a4 39. c5 a3 40. Bb1 b3 0-1

[Event "Red Bull Chess Masters 2018"]
[Site "Istanbul"]
[Date "2018.10.20"]
[Round "3.2"]
[White "Gunduz, Umut Erdem"]
[Black "Sevgi, Volkan"]
[Result "1/2-1/2"]
[ECO "B33"]
[WhiteElo "2205"]
[BlackElo "2296"]
[Annotator "NA"]
[PlyCount "101"]
[EventDate "2018.10.19"]
[EventType "team-tourn"]
[EventCountry "TUR"]
[SourceTitle "playchess.com"]
[Source "ChessBase"]
[SourceQuality "1"]
[TimeControl "600+5"]

1. e4 c5 2. Nf3 Nc6 3. d4 cxd4 4. Nxd4 e5 5. Nb5 d6 6. N1c3 a6 7. Na3 b5 8. Nd5 Nf6 9. Bg5 Be7 10. Bxf6 Bxf6 11. c4 b4 12. Nc2 Rb8 13. b3 O-O 14. Be2 Bg5 15. O-O Be6 16. Qd3 {[%emt 0:00:00] B33: Sizilianisch (Lasker/Pelikan/Sweschnikow-Variante)} Bh6 (16... a5 17. Rad1 Kh8 18. f4 exf4 19. Nxf4 {½-½ (31) Muzychuk,A (2566)-Saric,I (2637) Wijk aan Zee 2014}) 17. a3 $146 ({Vorgänger:} 17. Rad1 Rb7 18. h3 Kh8 19. Bg4 a5 20. Nde3 Bxe3 21. Qxe3 Nd4 22. Nxd4 exd4 23. Rxd4 f5 24. exf5 Bxf5 25. Bxf5 Rxf5 {1-0 (36) Baranowski,T (2491)-Zawadka,Z (2210) ICCF email 2010}) 17... bxa3 18. Rxa3 a5 19. Rd1 Kh8 20. Nde3 Bxe3 21. Qxe3 Qc7 22. Bf3 Rfd8 23. g3 Kg8 24. h4 f6 25. Qe2 Qb6 26. Bg4 Bf7 27. h5 h6 28. Kg2 Qc5 29. Qd3 Rb7 30. Rda1 Rdb8 31. Be2 Be6 32. Ne3 Qd4 33. Rd1 $11 Kf8 34. Nd5 Qxd3 35. Rxd3 Ra7 36. Bd1 Bxd5 37. Rxd5 Ke7 38. Kf1 Rb4 39. Ke1 Rb8 40. Kd2 Rba8 41. Kc3 Nd4 42. Bc2 Kd7 43. Bd1 Kc6 44. Bc2 Ne6 45. Bd1 Nc7 46. Rd2 Ne6 47. Rd5 Nc5 48. Bc2 Ne6 49. Bd1 Nc5 50. Bc2 Ne6 51. Bd1 1/2-1/2

[Event "Red Bull Chess Masters 2018"]
[Site "Istanbul"]
[Date "2018.10.20"]
[Round "3.2"]
[White "Dogan, Ali Ekber"]
[Black "Ozsakallioglu, Okan"]
[Result "1-0"]
[ECO "E06"]
[WhiteElo "2200"]
[BlackElo "2050"]
[Annotator "NA"]
[PlyCount "77"]
[EventDate "2018.10.19"]
[EventType "team-tourn"]
[EventCountry "TUR"]
[SourceTitle "playchess.com"]
[Source "ChessBase"]
[SourceQuality "1"]
[TimeControl "600+5"]

1. d4 Nf6 2. c4 e6 3. g3 b6 4. Bg2 c6 5. Nf3 d5 6. O-O Be7 7. Qc2 O-O 8. b3 Bb7 9. Nc3 c5 {[%emt 0:00:20] E06: Closed Catalan: Early deviations} 10. dxc5 bxc5 11. cxd5 exd5 12. Rd1 $146 ({Predecessor:} 12. Bb2 Nbd7 13. Rfd1 d4 14. Nb1 Re8 15. Nbd2 Bf8 16. Nc4 Be4 17. Qd2 Nb6 18. Rac1 Nxc4 19. Rxc4 a5 20. Ba3 Bd5 {0-1 (43) Gevorgyan,D (2335)-Romanov,E (2619) St Petersburg 2016}) 12... Nbd7 13. Nh4 Nb6 14. Nf5 Qd7 15. Bg5 Bd8 16. Rac1 d4 17. Bxb7 Qxb7 18. Bxf6 Bxf6 19. Ne4 Be7 20. Nxc5 Bxc5 21. Qxc5 Qe4 22. Qc2 Qe5 23. Nxd4 Rac8 24. Qd2 Rxc1 25. Rxc1 Rd8 26. e3 h5 27. Qc2 $18 Rc8 28. Qd1 Rd8 29. h4 Qa5 30. Qe2 Qa3 31. Rd1 g6 32. Kg2 Kg7 33. Nb5 Qe7 34. Qb2+ Kh7 35. Rxd8 Qxd8 36. Qd4 Qa8+ 37. Kg1 Qf3 38. Nd6 Nd7 39. Ne8 1-0

[Event "Red Bull Chess Masters 2018"]
[Site "Istanbul"]
[Date "2018.10.20"]
[Round "3.2"]
[White "Eren, Ataberk"]
[Black "Yeke, Serkan"]
[Result "1-0"]
[ECO "A95"]
[WhiteElo "2188"]
[BlackElo "2117"]
[Annotator "NA"]
[PlyCount "89"]
[EventDate "2018.10.19"]
[EventType "team-tourn"]
[EventCountry "TUR"]
[SourceTitle "playchess.com"]
[Source "ChessBase"]
[SourceQuality "1"]
[TimeControl "600+5"]

1. d4 f5 2. c4 Nf6 3. Nc3 e6 4. g3 d5 5. Bg2 c6 6. Nf3 Be7 7. O-O O-O 8. cxd5 exd5 9. a3 a5 10. Bf4 Nbd7 11. Rc1 Ne4 12. Qb3 Kh8 13. Nxe4 fxe4 14. Ne5 a4 15. Qc2 Nf6 16. f3 exf3 17. exf3 Nh5 18. Be3 Bd6 19. Qd2 Qa5 20. Qf2 Be6 21. Rce1 Rae8 22. Bd2 Qb5 23. Bc3 Kg8 24. Re2 Nf6 25. Qe1 Bc8 26. Rff2 Re7 27. Bf1 Qb6 28. Kg2 Rfe8 29. Re3 c5 30. Qd2 c4 31. Rfe2 Qc7 32. Bb4 b5 33. Kg1 Bf5 34. Bg2 Bc8 35. g4 Bb7 36. Bxd6 Qxd6 37. Qa5 Qa6 38. Qe1 Qb6 39. Qd2 Ba8 40. Kh1 b4 41. axb4 Rb8 42. Nxc4 Rxe3 43. Nxb6 Rxe2 44. Qxe2 Rxb6 45. g5 1-0

[Event "Red Bull Chess Masters 2018"]
[Site "Istanbul"]
[Date "2018.10.20"]
[Round "3.2"]
[White "Zor, Alber Kadir"]
[Black "Atas, Yunus"]
[Result "1-0"]
[ECO "D15"]
[WhiteElo "2167"]
[BlackElo "1921"]
[Annotator "NA"]
[PlyCount "71"]
[EventDate "2018.10.19"]
[EventType "team-tourn"]
[EventCountry "TUR"]
[SourceTitle "playchess.com"]
[Source "ChessBase"]
[SourceQuality "1"]
[TimeControl "600+5"]

1. d4 Nf6 2. Nf3 d5 3. Bf4 Bf5 4. c4 c6 5. Nc3 dxc4 6. e3 b5 7. Be2 e6 8. O-O Bd6 9. Bg5 Nbd7 10. e4 b4 11. exf5 bxc3 12. fxe6 fxe6 13. bxc3 Nb6 14. Qe1 Qe7 15. Ne5 O-O 16. h3 c5 17. a4 cxd4 18. cxd4 Qc7 19. Nxc4 Bf4 20. Bxf4 Qxf4 21. Nxb6 axb6 22. Bf3 Rae8 23. Qd1 Rd8 24. Qb3 Rd6 25. Rad1 Rfd8 26. Rfe1 Kf7 27. Re5 Rc8 28. g3 Qxe5 29. dxe5 Rxd1+ 30. Bxd1 Nd5 31. Bf3 Rc3 32. Bxd5 Rxb3 33. Bxb3 Ke7 34. f4 Kd7 35. Kf2 Ke7 36. Ke3 1-0

[Event "Red Bull Chess Masters 2018"]
[Site "Istanbul"]
[Date "2018.10.20"]
[Round "3.2"]
[White "Ozdover, Mustafa Berkay"]
[Black "Tarlabasi, Emirhan"]
[Result "1-0"]
[ECO "D30"]
[WhiteElo "2120"]
[BlackElo "2264"]
[Annotator "NA"]
[PlyCount "71"]
[EventDate "2018.10.19"]
[EventType "team-tourn"]
[EventCountry "TUR"]
[SourceTitle "playchess.com"]
[Source "ChessBase"]
[SourceQuality "1"]
[TimeControl "600+5"]

1. d4 d5 2. c4 e6 3. e3 Nf6 4. Nf3 Be7 5. g4 b6 6. Nc3 Bb7 7. g5 Ne4 8. cxd5 Nxc3 9. bxc3 Bxd5 10. Rg1 Nd7 11. Be2 a5 12. h4 Ra7 13. c4 Bb7 14. Bd2 c5 $14 ({Black should play} 14... O-O $11) 15. Bc3 Rg8 16. d5 exd5 17. cxd5 Bd6 18. h5 g6 19. Qd3 Qe7 20. Nd2 Ne5 21. Qe4 Nd7 22. Nc4 Bb8 23. Qxe7+ Kxe7 24. Rb1 Bxd5 25. Nxb6 Nxb6 26. Rxb6 Bc7 27. Bf6+ Kd7 28. Bg4+ Be6 29. Rb2 Rb8 30. Rd2+ Ke8 31. Bxe6 fxe6 32. Ke2 a4 33. hxg6 hxg6 34. Rh1 Ba5 35. Rh8+ Kf7 36. Rxb8 1-0

[Event "Red Bull Chess Masters 2018"]
[Site "Istanbul"]
[Date "2018.10.20"]
[Round "3.2"]
[White "Erdogan, Anil Berk"]
[Black "Yucesoy, Atil"]
[Result "1-0"]
[ECO "B01"]
[WhiteElo "2116"]
[BlackElo "1685"]
[Annotator "NA"]
[PlyCount "87"]
[EventDate "2018.10.19"]
[EventType "team-tourn"]
[EventCountry "TUR"]
[SourceTitle "playchess.com"]
[Source "ChessBase"]
[SourceQuality "1"]
[TimeControl "600+5"]

1. e4 d5 2. exd5 Qxd5 3. Nc3 Qd6 4. d4 Nf6 5. Nf3 Bg4 6. h3 Bh5 7. g4 Bg6 8. Ne5 Nbd7 9. Nc4 Qe6+ 10. Be3 Nd5 11. Qd2 N7f6 12. Ne5 Ne4 13. Nxe4 Bxe4 14. f3 Bxf3 15. Bb5+ c6 16. O-O f6 17. Rxf3 fxe5 18. Bf1 e4 19. Rf2 O-O-O 20. c4 Nxe3 21. Qxe3 g6 22. d5 cxd5 23. cxd5 Qb6 24. Qc3+ Kd7 25. Qxh8 Bh6 26. Qe5 Be3 27. Qe6+ Qxe6 28. dxe6+ Kxe6 29. Bc4+ Ke5 30. Re1 Bxf2+ 31. Kxf2 Kf4 32. Ke2 Rc8 33. Bb3 Kg3 34. Ke3 Kxh3 35. Rh1+ Kg3 36. Rxh7 Rc7 37. Rg7 Kxg4 38. Rxg6+ Kf5 39. Re6 Rc1 40. Rxe7 Re1+ 41. Kf2 Rb1 42. Rxb7 Rxb2+ 43. Ke3 a6 44. Be6+ 1-0

[Event "Red Bull Chess Masters 2018"]
[Site "Istanbul"]
[Date "2018.10.20"]
[Round "3.2"]
[White "Sahin, Handenur"]
[Black "Eraslan, Ecem"]
[Result "1-0"]
[ECO "C06"]
[WhiteElo "1998"]
[BlackElo "1290"]
[Annotator "NA"]
[PlyCount "125"]
[EventDate "2018.10.19"]
[EventType "team-tourn"]
[EventCountry "TUR"]
[SourceTitle "playchess.com"]
[Source "ChessBase"]
[SourceQuality "1"]
[TimeControl "600+5"]

1. e4 e6 2. d4 d5 3. Nd2 Nf6 4. e5 Nfd7 5. Bd3 c5 6. c3 Nc6 7. Ne2 cxd4 8. cxd4 f6 9. exf6 Nxf6 10. O-O Bd6 11. Nf3 Qc7 12. Bg5 O-O 13. Bh4 Bd7 14. Bg3 Nh5 15. Qc2 h6 16. Bxd6 Qxd6 17. Bg6 Nf4 18. Ng3 Nxg6 19. Qxg6 Rf6 20. Qd3 a6 21. Rfe1 Rc8 22. Rac1 Rf7 23. a3 Re8 24. Ne5 Nxe5 25. Rxe5 Rc8 26. Rce1 Qb6 27. Qd2 Rc4 28. Ne2 Qb3 29. Nc3 Qb6 30. Rd1 Qd6 31. Ne2 Qb6 32. h3 a5 33. Rc1 Bb5 34. Rxc4 Bxc4 35. Nc3 Rf6 36. Na4 Qc6 37. Nc3 Qb6 38. Na4 Qc6 39. Qxa5 Bb3 40. Qa8+ Kh7 41. Nc5 Bc4 42. Qxb7 Qxb7 43. Nxb7 Bb5 44. Nd6 Bd7 45. Nb7 Rf4 46. Nc5 Bc8 47. Nxe6 Bxe6 48. Rxe6 Rxd4 49. Rd6 Rd1+ 50. Kh2 Rb1 51. b4 Ra1 52. Rxd5 Rxa3 53. b5 Rb3 54. f3 Kg6 55. Kg3 Kf6 56. Rc5 Rb4 57. Rc6+ Ke7 58. b6 Kd7 59. Rg6 Kc8 60. Rxg7 Rxb6 61. Kg4 Rb5 62. Rg6 h5+ 63. Kh4 1-0

[Event "Red Bull Chess Masters 2018"]
[Site "Istanbul"]
[Date "2018.10.20"]
[Round "3.2"]
[White "Degirmenci, Yagiz"]
[Black "Eren, Cuneyt"]
[Result "1/2-1/2"]
[ECO "D94"]
[WhiteElo "1881"]
[BlackElo "2084"]
[Annotator "NA"]
[PlyCount "97"]
[EventDate "2018.10.19"]
[EventType "team-tourn"]
[EventCountry "TUR"]
[SourceTitle "playchess.com"]
[Source "ChessBase"]
[SourceQuality "1"]
[TimeControl "600+5"]

1. d4 Nf6 2. Nf3 g6 3. c4 d5 4. e3 Bg7 5. Nc3 e6 6. Be2 O-O 7. O-O Nbd7 8. b3 b6 9. Bb2 Bb7 10. cxd5 exd5 11. Rc1 Ne4 12. Nxe4 dxe4 13. Ne5 Nxe5 14. dxe5 Qe7 15. Qd4 c5 16. Qa4 Bxe5 17. Bxe5 Qxe5 18. Rcd1 Rfc8 19. Rd2 Bc6 20. Qa6 Qc7 21. Rfd1 Qb7 22. Qa3 a5 23. Qb2 Qe7 24. h3 Rd8 25. Rxd8+ Rxd8 26. Rxd8+ Qxd8 27. Qe5 h5 28. a4 Bd5 29. Bd1 Be6 30. Bc2 Qd2 31. Bxe4 Qd1+ 32. Kh2 Qxb3 33. Qb8+ Kh7 34. Qe5 Qxa4 35. Qxh5+ Kg8 36. Bxg6 fxg6 37. Qxg6+ Kf8 38. Qxe6 c4 39. Qxb6 Qb4 40. Qd8+ Kf7 41. Qd7+ Kf8 42. Qd8+ Kf7 43. Qd7+ Kf8 44. Qd8+ Kf7 45. f4 c3 46. f5 Qc5 47. Qd7+ Kf8 48. f6 Qe5+ 49. Kh1 1/2-1/2

[Event "Red Bull Chess Masters 2018"]
[Site "Istanbul"]
[Date "2018.10.20"]
[Round "3.2"]
[White "Celikel, Fatih"]
[Black "Tofan, Ibrahim"]
[Result "1-0"]
[ECO "D78"]
[WhiteElo "1856"]
[BlackElo "2070"]
[Annotator "NA"]
[PlyCount "68"]
[EventDate "2018.10.19"]
[EventType "team-tourn"]
[EventCountry "TUR"]
[SourceTitle "playchess.com"]
[Source "ChessBase"]
[SourceQuality "1"]
[TimeControl "600+5"]

1. Nf3 Nf6 2. d4 d5 3. g3 g6 4. Bg2 Bg7 5. O-O O-O 6. c4 c6 7. Ne5 Nbd7 8. Nc3 e6 9. Bg5 h6 10. Bxf6 Qxf6 11. cxd5 exd5 12. f4 Qd6 13. e3 Nf6 14. g4 Bd7 15. Rc1 Rae8 16. h3 Bc8 17. Qa4 a6 18. Qa5 Qd8 19. Qa3 Nd7 20. Na4 Nxe5 21. fxe5 Qg5 22. Nb6 f6 23. Nxc8 Rxc8 24. exf6 Bxf6 25. Rf3 Bxd4 26. h4 Qxg4 27. exd4 Qxd4+ 28. Qe3 Qxe3+ 29. Rxe3 Rfe8 30. Rb3 Rb8 31. Rg3 Kg7 32. Rc2 Re5 33. Rb3 Rh5 34. Rxc6 bxc6 1-0

[Event "Red Bull Chess Masters 2018"]
[Site "Istanbul"]
[Date "2018.10.20"]
[Round "3.2"]
[White "Dai, Irmak"]
[Black "Tofan, Zeynep"]
[Result "1-0"]
[ECO "C66"]
[WhiteElo "1854"]
[BlackElo "1058"]
[Annotator "NA"]
[PlyCount "63"]
[EventDate "2018.10.19"]
[EventType "team-tourn"]
[EventCountry "TUR"]
[SourceTitle "playchess.com"]
[Source "ChessBase"]
[SourceQuality "1"]
[TimeControl "600+5"]

1. e4 e5 2. Nf3 Nc6 3. Bb5 d6 4. O-O Bd7 5. Re1 Nf6 6. c3 Be7 7. h3 Qc8 8. d4 exd4 9. cxd4 a6 10. Bf1 O-O 11. Nc3 Re8 12. e5 dxe5 13. dxe5 Nh5 14. g4 Bxg4 15. hxg4 Qxg4+ 16. Kh1 Rad8 17. Qe2 Bc5 18. Qe4 Qxe4 19. Rxe4 Bxf2 20. Kg2 Bb6 21. Bg5 Rd7 22. Bc4 h6 23. Be3 Bxe3 24. Rxe3 Rde7 25. Rae1 Nf4+ 26. Kg3 Ng6 27. Nd5 Rd7 28. e6 fxe6 29. Rxe6 Kh7 30. Rxe8 b5 31. Rh1 bxc4 32. Ng5# 1-0

[Event "Red Bull Chess Masters 2018"]
[Site "Istanbul"]
[Date "2018.10.20"]
[Round "3.2"]
[White "Yarar, Muammer Atakan"]
[Black "Isik, Alparslan"]
[Result "0-1"]
[ECO "E94"]
[WhiteElo "1784"]
[BlackElo "2220"]
[Annotator "NA"]
[PlyCount "82"]
[EventDate "2018.10.19"]
[EventType "team-tourn"]
[EventCountry "TUR"]
[SourceTitle "playchess.com"]
[Source "ChessBase"]
[SourceQuality "1"]
[TimeControl "600+5"]

1. d4 d6 2. Nf3 Nf6 3. c4 g6 4. Nc3 Bg7 5. e4 O-O 6. Be2 e5 7. Be3 exd4 8. Nxd4 Re8 9. f3 Nc6 10. O-O Nh5 11. Qd2 Nf4 12. Nxc6 Nxe2+ 13. Nxe2 bxc6 14. Nd4 {[%emt 0:00:23] E94: Königsindisch (Klassisches System)} (14. Bd4 Bxd4+ 15. Nxd4 c5 16. Ne2 Bd7 17. Nc3 Bc6 18. b3 Rb8 19. Qc2 Qh4 20. Rad1 Re5 21. Qf2 Qf6 {½-½ (31) Lenic,L (2639)-Bachmann,A (2603) Rhodes 2015}) 14... c5 15. Ne2 Be6 16. Rac1 a5 17. Nf4 Qf6 $146 ({Vorgänger:} 17... a4 18. Nxe6 Rxe6 19. Rfd1 Qe8 20. Bf2 Rb8 21. Rb1 Rb4 {½-½ (38) Nilsson,M (2145)-Sirigos,N (2290) Siofok 1996}) 18. b3 Reb8 19. Rb1 a4 20. Nd5 Qd8 21. Bg5 f6 22. Be3 Qd7 23. Nc3 axb3 24. axb3 f5 25. Nd5 Rb7 26. Bh6 Bh8 27. Bg5 Qf7 $11 28. Rfe1 Rab8 29. exf5 Bxf5 30. Re7 Qf8 31. Rxh7 Kxh7 32. Re1 Re8 33. Be7 Qf7 34. Qg5 c6 35. Qh4+ Kg8 36. Bf6 Rxe1+ 37. Kf2 Bxf6 38. Nxf6+ Kg7 39. Qh7+ Kxf6 40. Qh8+ Qg7 41. Qd8+ Ree7 0-1

[Event "Red Bull Chess Masters 2018"]
[Site "Istanbul"]
[Date "2018.10.20"]
[Round "3.2"]
[White "Sahin, Hayrun Nisa"]
[Black "Incecik, Seyma Zeynep"]
[Result "1-0"]
[ECO "B01"]
[WhiteElo "1708"]
[BlackElo "1796"]
[Annotator "NA"]
[PlyCount "47"]
[EventDate "2018.10.19"]
[EventType "team-tourn"]
[EventCountry "TUR"]
[SourceTitle "playchess.com"]
[Source "ChessBase"]
[SourceQuality "1"]
[TimeControl "600+5"]

1. e4 d5 2. exd5 Qxd5 3. Nc3 Qa5 4. Bc4 Nf6 5. d3 c6 6. Bd2 Qc7 7. Qe2 Bf5 8. h3 e6 9. g4 Bg6 10. f4 Bc5 11. O-O-O Qe7 12. Re1 Nbd7 13. Nf3 Nb6 14. Bb3 Nbd5 15. Rh2 Bd6 16. Nxd5 Nxd5 17. Bxd5 cxd5 18. Rg2 Kd8 19. Nd4 Bc5 20. Nb3 Bd6 21. Rf2 Qh4 22. Qf3 Rc8 23. f5 exf5 24. gxf5 1-0